 Dungeon Crawl Stone Soup version 0.22-a0-271-gc000056 (webtiles) character file.

9157 Ghella the Basher (level 11, -11/118 HPs)
             Began as an Ogre Berserker on Mar 11, 2018.
             Was a High Priest of Trog.
             Mangled by a basilisk (19 damage)
             ... on level 1 of the Lair of Beasts.
             The game lasted 00:21:41 (18370 turns).

Ghella the Basher (Ogre Berserker)                 Turns: 18370, Time: 00:21:42

Health: -11/118    AC:  6    Str: 26    XL:     11   Next: 42%
Magic:  11/11      EV: 13    Int:  8    God:    Trog [*****.]
Gold:   392        SH:  0    Dex: 11    Spells: 10/10 levels left

rFire    . . .     SeeInvis .   A - +2 whip (freeze)
rCold    . . .     Gourm    .   (no shield)
rNeg     . . .     Faith    .   b - +0 animal skin
rPois    .         Spirit   .   (helmet restricted)
rElec    .         Reflect  .   e - +2 cloak
rCorr    .         Harm     .   (gloves unavailable)
MR       +....                  (boots unavailable)
Stlth    ++........             l - amulet of the acrobat
HPRegen  0.29/turn              j - ring of wizardry
MPRegen  0.12/turn              w - +3 ring of dexterity

@: no status effects
A: large, unfitting armour, tough skin 1
a: Berserk, Trog's Hand, Brothers in Arms, Renounce Religion


You were on level 1 of the Lair of Beasts.
You worshipped Trog.
Trog was extremely pleased with you.
You were hungry.

You visited 3 branches of the dungeon, and saw 14 of its levels.
You visited the Abyss 1 time.
You also visited: Sewer.

You collected 392 gold pieces.

Inventory:

Hand Weapons
 t - a +0 giant spiked club
 A - a +2 whip of freezing (weapon)
 O - a +1 dagger of distortion
Armour
 b - a +0 animal skin (worn)
 e - a +2 cloak (worn)
Jewellery
 j - a ring of wizardry (left hand)
 l - an amulet of the acrobat (around neck)
 w - a +3 ring of dexterity (right hand)
 B - an uncursed amulet of harm
 K - an uncursed amulet of the acrobat
 M - an uncursed amulet of rage {unknown}
Wands
 m - a wand of scattershot (3)
 q - a wand of random effects (29)
 s - a wand of digging (11)
 z - a wand of polymorph (7)
 J - a wand of acid (7)
Scrolls
 a - 2 scrolls of fear {unknown}
 d - 7 scrolls of remove curse {unknown}
 h - 5 scrolls of teleportation
 i - 7 scrolls of identify
 n - 3 scrolls of magic mapping
 v - a scroll of amnesia {unknown}
 y - a scroll of summoning {unknown}
 E - 5 scrolls of fog
 G - a scroll of holy word {unknown}
 H - a scroll of enchant armour {unknown}
 I - a scroll of enchant weapon {unknown}
 N - a scroll of immolation {unknown}
 P - a scroll of random uselessness {unknown}
Potions
 f - 2 potions of heal wounds {unknown}
 g - 3 potions of haste
 k - 3 potions of curing
 o - 2 potions of resistance {unknown}
 p - a potion of flight {unknown}
 r - a potion of mutation {unknown}
 u - a potion of invisibility {unknown}
 x - a potion of cancellation {unknown}
 C - 3 potions of might {unknown}
 D - 2 potions of brilliance {unknown}
 F - 2 potions of magic {unknown}
 L - a potion of lignification {unknown}
Comestibles
 c - 6 rations


   Skills:
 + Level 10.3 Fighting
 * Level 12.2 Maces & Flails
 + Level 7.6 Dodging
 + Level 3.2 Stealth
 + Level 1.2 Unarmed Combat


You had 10 spell levels left.
You didn't know any spells.

Dungeon Overview and Level Annotations

Branches:
Dungeon (12/15)            Temple (1/1) D:4            Lair (1/6) D:10
    Orc (0/2) D:9

Altars:
Ashenzari
Cheibriados
Dithmenos
Elyvilon
Fedhas
Gozag
Hepliaklqana
Kikubaaqudgha
Makhleb
Nemelex Xobeh
Okawaru
Qazlal
Ru
Sif Muna
Trog
Uskayaw
Vehumet
Wu Jian
Xom
Yredelemnul
Zin
The Shining One

Shops:
D:8 [

Annotations:
D:9 1 transporter, Gastronok
D:10 Fannar


Innate Abilities, Weirdness & Mutations

You are too large for most types of armour.
You have tough skin. (AC +1)


Message History

The yak gores you! The yak gores you but does no damage.
The basilisk bites you but does no damage.
The yak gores you! The basilisk bites you! The yak gores you.
The basilisk gazes at you. The yak gores you but does no damage.
The yak gores you!
The yak bellows!
The yak gores you! x2; The basilisk bites you!
The yak gores you!
* * * LOW HITPOINT WARNING * * *
The yak completely misses you. The basilisk bites you.
* * * LOW HITPOINT WARNING * * *
The yak completely misses you. The yak gores you!
* * * LOW HITPOINT WARNING * * *
You turn to flesh and can move again.
As you read the scroll labeled FUNA MIUD KOR, it crumbles to dust.
The scroll dissolves into smoke.
It was a scroll of fog.
The yak gores you!
* * * LOW HITPOINT WARNING * * *
The basilisk bites you!!
You die...

.....................#
.#P#####.#P##........#
### #######.......#
##.......# #........#
##.......## #........#
##.ยงยงยง...##
#..Y@Y...# ##.lYYY..##
##..Y.....#
#........## ##.......#
#.......# #.......#
#.......# #.......#


You could see 6 yaks and a basilisk.

Vanquished Creatures
  Snorg (D:10)
  Pikel (D:5)
  2 ugly things (D:11)
  2 trolls
  Prince Ribbit (D:7)
  A hippogriff (D:8)
  10 yaks
  A wyvern (D:12)
  2 hungry ghosts
  A porcupine (Lair:1)
  5 ice beasts
  6 orc warriors
  3 slaves (D:5)
  A sky beast (D:7)
  5 ogres
  5 centaurs
  5 bullfrogs
  4 big kobolds
  4 scorpions
  A water moccasin skeleton (D:9)
  4 wights
  2 howler monkeys (D:4)
  2 bullfrog zombies
  2 crimson imps
  2 quasits
  A jelly (D:5)
  2 orc priests
  6 hounds
  An iguana (D:6)
  Ijyb (D:5)
  9 orc wizards
  6 worker ants
  A hound zombie (D:5)
  A worker ant zombie (D:7)
  23 adders
  4 river rats (Sewer)
  A shadow imp (D:10)
  2 oozes
  An adder zombie (D:7)
  2 adder skeletons (D:4)
  2 worms
  A dart slug (D:1)
  3 leopard geckos
  64 orcs
  9 ball pythons
  5 giant cockroaches
  6 goblins
  6 hobgoblins
  6 jackals
  4 quokkas
  6 bats
  7 frilled lizards
  26 kobolds
  A leopard gecko skeleton (D:6)
  A quokka skeleton (D:8)
  A quokka zombie (D:5)
  32 rats
  2 bushes (Abyss:1)
  A plant (D:10)
317 creatures vanquished.

Notes
Turn   | Place    | Note
-------+----------+-------------------------------------------
     0 | D:1      | Ghella the Ogre Berserker began the quest for the Orb.
     0 | D:1      | Reached XP level 1. HP: 24/24 MP: 1/1
   594 | D:1      | Reached skill level 3 in Maces & Flails
   594 | D:1      | Reached XP level 2. HP: 24/32 MP: 2/2
  1028 | D:1      | Reached XP level 3. HP: 40/40 MP: 3/3
  1341 | D:2      | Reached XP level 4. HP: 49/49 MP: 4/4
  1668 | D:2      | Reached ** piety under Trog
  1848 | D:2      | Found a shadowy altar of Dithmenos.
  1891 | D:2      | Reached skill level 4 in Maces & Flails
  2343 | D:3      | Reached XP level 5. HP: 31/55 MP: 5/5
  2636 | D:3      | Reached skill level 5 in Fighting
  3149 | D:3      | Noticed a centaur
  3159 | D:3      | Killed a centaur
  3159 | D:3      | Reached skill level 5 in Maces & Flails
  3159 | D:3      | Reached XP level 6. HP: 56/66 MP: 6/6
  3280 | D:3      | Found a radiant altar of Vehumet.
  3508 | D:3      | Reached *** piety under Trog
  4008 | D:4      | Reached XP level 7. HP: 62/72 MP: 7/7
  4037 | D:4      | Found a staircase to the Ecumenical Temple.
  4222 | Temple   | Entered the Ecumenical Temple
  4612 | D:4      | Reached skill level 6 in Maces & Flails
  4735 | D:4      | Reached skill level 1 in Stealth
  5010 | D:5      | Entered Level 5 of the Dungeon
  5206 | D:5      | Noticed Pikel
  6341 | D:5      | Noticed Ijyb
  6381 | D:5      | Killed Ijyb
  6381 | D:5      | Reached XP level 8. HP: 71/83 MP: 8/8
  6654 | D:5      | Reached skill level 7 in Maces & Flails
  7305 | D:5      | Killed Pikel
  7305 | D:5      | Reached skill level 8 in Maces & Flails
  7305 | D:5      | Reached skill level 1 in Unarmed Combat
  7610 | D:6      | Found a glowing drain.
  7622 | Sewer    | Entered a sewer
  7738 | Sewer    | Reached **** piety under Trog
  8290 | Sewer    | Reached XP level 9. HP: 56/93 MP: 9/9
  8296 | Sewer    | Reached skill level 5 in Dodging
  9117 | D:6      | Found a sacrificial altar of Ru.
  9519 | D:6      | Found a deep blue altar of Sif Muna.
  9579 | D:6      | Found a burning altar of Makhleb.
  9803 | D:7      | Found an iron altar of Okawaru.
  9836 | D:7      | Reached skill level 9 in Maces & Flails
 10101 | D:7      | Found a shattered altar of Ashenzari.
 10143 | D:7      | Reached ***** piety under Trog
 10217 | D:7      | Noticed Prince Ribbit
 10260 | D:7      | Killed Prince Ribbit
 10767 | D:7      | Found an iron altar of Okawaru.
 10817 | D:7      | Found a hide-covered altar of Uskayaw.
 11199 | D:8      | Found Uwiyle's Antique Armour Shoppe.
 11766 | D:8      | Reached skill level 10 in Maces & Flails
 11969 | D:8      | Reached XP level 10. HP: 98/104 MP: 10/10
 12745 | D:8      | Found a blossoming altar of Fedhas.
 12745 | D:8      | Found a hazy altar of Hepliaklqana.
 13146 | D:9      | Found an opulent altar of Gozag.
 13565 | D:9      | Reached skill level 11 in Maces & Flails
 13626 | D:9      | Found a transporter.
 13651 | D:9      | Found a white marble altar of Elyvilon.
 13709 | D:9      | Found a white marble altar of Elyvilon.
 13782 | D:9      | Found a staircase to the Orcish Mines.
 13913 | D:9      | Cast into level 1 of the Abyss (kobold)
 13913 | Abyss:1  | Found a corrupted altar of Lugonu.
 13953 | Abyss:1  | Noticed a bone dragon
 14091 | D:9      | Escaped the Abyss
 15498 | D:9      | Noticed Gastronok
 15526 | D:10     | Entered Level 10 of the Dungeon
 15537 | D:10     | Found a burning altar of Makhleb.
 15605 | D:10     | Noticed Snorg
 15631 | D:10     | Killed Snorg
 15631 | D:10     | Reached XP level 11. HP: 115/115 MP: 11/11
 15878 | D:10     | Found a staircase to the Lair.
 15970 | D:10     | You fall through a shaft for 2 floors!
 16158 | D:12     | Noticed a green ugly thing
 16237 | D:11     | Killed a green ugly thing
 16300 | D:11     | Noticed a brown ugly thing
 16310 | D:11     | Killed a brown ugly thing
 16310 | D:11     | Reached skill level 12 in Maces & Flails
 16736 | D:11     | Received a gift from Trog
 16779 | D:10     | Reached skill level 10 in Fighting
 17435 | D:10     | Noticed Fannar
 17462 | D:10     | Identified Sif Muna's Volume of Glacial Combat Magic
 18278 | Lair:1   | Entered Level 1 of the Lair of Beasts
 18370 | Lair:1   | Mangled by a basilisk

Vault maps used:
D:1:      ncdulo_wetmaze
D:2:      nicolae_dithmenos_through_a_glass_darkly
D:3:      lemuel_round_altar
D:4:      minmay_temple_entry_trees, first_ration, minivault_19
D:5:      uniq_pikel, uniq_ijyb
D:6:      led_sif_pool, portal_sewer_entry_a, basic_altar,
          makhleb_heckhound_becter
D:7:      lemuel_crystal_altar, kennysheep_mini, ashenzari_altar_1,
          minmay_ruined_shrine, uniq_prince_ribbit1
D:8:      amethyst_overflow_temple_binary, serial_shops, nicolae_shop_trees
D:9:      gammafunk_cloud_chamber, elyvilon_altar_5, nicolae_gozag_seed_capital,
          hiddenorc2_lemuel, basic_altar, grunt_pizzeria, uniq_gastronok
D:10:     dpeg_oklobed_lair, serial_shops, kennysheep_little_box, basic_altar,
          lemuel_statue_altar, uniq_snorg, uniq_josephine, uniq_fannar
D:11:     uniq_erolcha
D:12:     fountainhead
Temple:   nicolae_temple_figure_eight
Lair:1:   wad_woods_river_02, beast_lair_carwin_7, grunt_megastairs_1
Sewer:    sewer_minmay_w

Skill      XL: |  1  2  3  4  5  6  7  8  9 10 11 |
---------------+----------------------------------+-----
Maces & Flails | 3 4 5 6 8 10 11 12 | 12.2
Dodging        | 3 4 5 7 |  7.6
Fighting       | 5 7 8 9 10 | 10.3
Stealth        | 1 2 3 |  3.2
Unarmed Combat | 1 |  1.2

Action                   |  1- 3 |  4- 6 |  7- 9 | 10-12 || total
-------------------------+-------+-------+-------+-------++-------
Melee: Mace              |    93 |   228 |   207 |       ||   528
       Unarmed           |       |       |    33 |       ||    33
       Whip              |       |       |   386 |   623 ||  1009
       Punch             |       |       |     2 |     3 ||     5
Invok: Berserk           |     2 |     2 |     7 |    10 ||    21
  Use: Potion            |       |     1 |       |     2 ||     3
       Scroll            |       |       |     4 |     3 ||     7
 Stab: Sleeping          |       |       |     2 |     2 ||     4
  Eat: Chunk             |     2 |     7 |    24 |    19 ||    52
       Ration            |       |     1 |     3 |     4 ||     8
Armor: Animal skin       |    52 |    85 |   173 |    75 ||   385
Dodge: Dodged            |    68 |   134 |   297 |   265 ||   764

Table legend:
 A = Spawn XP
 B = Non-spawn XP
 C = Spawn XP percentage of total XP
 D = Spawn monster count
 E = Non-spawn monster count
 F = Spawn count percentage of total count
 G = Total turns spent on level
                    A         B        C        D         E        F      G
               +---------+---------+-------+---------+---------+-------+---------
         Total |       0 |   13082 |   0.0 |       0 |     311 |   0.0 | 18370
               +---------+---------+-------+---------+---------+-------+---------
           D:1 |       0 |      35 |   0.0 |       0 |      22 |   0.0 |  1447
           D:2 |       0 |     120 |   0.0 |       0 |      28 |   0.0 |   837
           D:3 |       0 |     289 |   0.0 |       0 |      33 |   0.0 |  1365
           D:4 |       0 |     390 |   0.0 |       0 |      14 |   0.0 |  1173
           D:5 |       0 |    1289 |   0.0 |       0 |      16 |   0.0 |  2570
           D:6 |       0 |     276 |   0.0 |       0 |       9 |   0.0 |   804
           D:7 |       0 |    1118 |   0.0 |       0 |      33 |   0.0 |  2140
           D:8 |       0 |    1859 |   0.0 |       0 |      33 |   0.0 |  1964
           D:9 |       0 |    2222 |   0.0 |       0 |      48 |   0.0 |  1482
          D:10 |       0 |    2871 |   0.0 |       0 |      11 |   0.0 |  1614
          D:11 |       0 |    1565 |   0.0 |       0 |      10 |   0.0 |   886
          D:12 |       0 |     489 |   0.0 |       0 |       5 |   0.0 |   252
        Lair:1 |       0 |     149 |   0.0 |       0 |       1 |   0.0 |    92
         Sewer |       0 |     410 |   0.0 |       0 |      48 |   0.0 |  1378
               +---------+---------+-------+---------+---------+-------+---------
